 Dungeon Crawl Stone Soup version 0.23.2-33-g5129a83184 (webtiles) character file.

Game seed: 16266407805132296464

47 psyvane the Skirmisher (level 3, 0/31 HPs)
             Began as a Demonspawn Wanderer on July 20, 2019.
             Slain by Natasha (9 damage)
             ... on level 2 of the Dungeon.
             The game lasted 00:04:05 (1923 turns).

psyvane the Skirmisher (Demonspawn Wanderer)        Turns: 1923, Time: 00:04:06

Health: 0/31       AC:  3    Str: 14    XL:     3   Next: 48%
Magic:  3/3        EV: 11    Int: 11    God:
Gold:   52         SH:  0    Dex: 13    Spells: 2/2 levels left

rFire    . . .     SeeInvis .   a - +2 dagger
rCold    . . .     Gourm    .   (no shield)
rNeg     . . .     Faith    .   e - +0 robe
rPois    .         Spirit   .   (helmet restricted)
rElec    .         Reflect  .   o - +0 cloak
rCorr    .         Harm     .   (no gloves)
MR       .....                  (no boots)
Stlth    ++........             (no amulet)
HPRegen  0.10/turn              (no ring)
MPRegen  0.08/turn              (no ring)

@: no status effects
A: antennae 2
a: no special abilities


You were on level 2 of the Dungeon.
You were not hungry.

You visited 1 branch of the dungeon, and saw 2 of its levels.

You collected 52 gold pieces.

Inventory:

Hand Weapons
 a - a +2 dagger (weapon)
 d - a +0 short sword
Armour
 e - a +0 robe (worn)
 o - a +0 cloak (worn)
Scrolls
 j - a scroll of amnesia {unknown}
 k - a scroll of remove curse {unknown}
 n - a scroll of fog {unknown}
 q - a scroll of magic mapping {unknown}
Potions
 b - a potion of berserk rage
 c - 4 potions of curing
 g - a potion of flight
 h - a potion of heal wounds {unknown}
 i - a potion of lignification
 l - 2 potions of brilliance
 m - a potion of haste
Comestibles
 f - 6 rations
 p - a chunk of flesh


   Skills:
 - Level 4.4 Fighting
 - Level 2.6 Short Blades
 - Level 1.0 Throwing
 * Level 0.7 Dodging
 - Level 1.7 Stealth
   Level 1.0 Evocations


You had 2 spell levels left.
You didn't know any spells.
Your spell library was empty.

Dungeon Overview and Level Annotations

Branches:
Dungeon (2/15)

Altars:
Fedhas
The Shining One

Annotations:
D:2 1 runed translucent door, Crazy Yiuf, Natasha


Innate Abilities, Weirdness & Mutations

You have a pair of antennae on your head.


Message History

You hit Natasha.
Natasha is heavily wounded.
Natasha wildly gestures.
Natasha's front paws start to glow.
Natasha stares at you and mumbles some strange words.
The magic dart hits you.
You hit Natasha.
Natasha is heavily wounded.
Natasha claws you!
You hit Natasha.
Natasha is severely wounded.
You hit Natasha but do no damage.
Natasha is severely wounded.
Natasha extends her claws.
Natasha claws you.
* * * LOW HITPOINT WARNING * * *
You hit Natasha.
Natasha is severely wounded.
Natasha claws you!
You die...

..........#
..........####...... ..
...................##.
..........).......... ..
....###...........$. ...
............#......##...
..#####.....#...........
_............#...h...# .
...##...........@....#..
............#..#........
..#..###..................
............###...........
...##.#.##### #=.###.....
##..#.#.## #..# #.....
###...#..## ##..###..#.#
.##...##>.# #....##.##.#
......###)# #........#.#


You could see Natasha.

Vanquished Creatures
  An adder (D:2)
  4 dart slugs
  2 leopard geckos (D:1)
  2 giant cockroaches (D:1)
  4 hobgoblins
  4 kobolds
  2 quokkas (D:2)
  3 bats
  5 frilled lizards
  2 rats
29 creatures vanquished.

Notes
Turn   | Place    | Note
-------+----------+-------------------------------------------
     0 | D:1      | psyvane the Demonspawn Wanderer began the quest for the
                  | Orb.
     0 | D:1      | psyvane set off with the following items: a +2 dagger, a
                  | potion of berserk rage, a potion of curing, a +0 short
                  | sword, a +0 robe, a ration
     0 | D:1      | Reached XP level 1. HP: 18/18 MP: 1/1
    79 | D:1      | Gained mutation: You have a pair of small antennae on your
                  | head. [demonic ancestry]
    79 | D:1      | Reached XP level 2. HP: 10/24 MP: 2/2
   781 | D:1      | Reached skill level 4 in Fighting
   877 | D:1      | Found a glowing golden altar of the Shining One.
  1127 | D:2      | Gained mutation: You have a pair of antennae on your head.
                  | [demonic ancestry]
  1127 | D:2      | Reached XP level 3. HP: 13/30 MP: 3/3
  1357 | D:2      | Found a blossoming altar of Fedhas.
  1439 | D:2      | Found a runed translucent door.
  1440 | D:2      | Noticed Crazy Yiuf
  1910 | D:2      | Noticed Natasha
  1923 | D:2      | Slain by Natasha

Skill      XL: |  1  2 |
---------------+-------+-----
Fighting       | 4 |  4.4
Short Blades   | |  2.6
Throwing       | |  1.0
Dodging        | |  0.7
Stealth        | |  1.7
Evocations     | |  1.0

Action                   || total
-------------------------++-------
Melee: Dagger            ||   118
  Use: Scroll            ||     4
 Stab: Sleeping          ||     1
  Eat: Chunk             ||     3
Armor: Robe              ||    17
Dodge: Dodged            ||    44
